[Event "Titled Tuesday Blitz May 4 2021"]
[White "Avila Pavas, Santiago"]
[Black "Piorun, Kacper"]
[WhiteFideId "4437128"]
[BlackFideId "1130420"]
[WhiteElo "2244"]
[BlackElo "2535"]
[Result "0-1"]
[Round "05"]
[TimeControl "180+1"]
[Date "2021.05.04"]
[WhiteClock "0:00:12"]
[BlackClock "0:00:28"]

1. d4 Nf6 2. Nf3 g6 3. Bg5 Bg7 4. Nbd2 O-O 5. e4 c5 6. dxc5 Na6 7. Bxa6 bxa6 8. c3 a5 9. O-O Qc7 10. e5 Nd5 11. c4 h6 12. Bh4 g5 13. cxd5 gxh4 14. d6 Qxc5 15. Ne4 Qb4 16. dxe7 Qxe7 17. Qd6 Qe6 18. Rab1 Bb7 19. Nc5 Qxd6 20. exd6 Bxf3 21. gxf3 Rac8 22. Rfc1 Rfd8 23. Nb7 Re8 24. Rc7 Rxc7 25. dxc7 Rc8 26. Rc1 Be5 27. Rc5 f6 28. b3 h3 29. Kf1 Bxh2 30. a4 Rxc7 31. Rxc7 Bxc7 32. Nc5 d6 33. Ne6 Bb6 34. Nf4 h2 35. Kg2 Bxf2 36. Kxh2 Kf7 37. Kg2 Be3 38. Nd5 Bc5 39. Nf4 f5 40. Kf1 Kf6 41. Ke2 Ke5 42. Ng6+ Kd4 43. Ne7 f4 44. Nf5+ Kc3 45. Nxh6 Kxb3 46. Ng4 Kxa4 47. Nf6 Kb3 48. Nd5 a4 49. Nxf4 a3 50. Nd3 a2 51. Nc1+ Kb2 52. Nxa2 Kxa2 53. Kd3 d5 54. f4 Kb3 55. f5 a5 56. f6 a4 57. Kd2 a3 58. f7 a2 59. f8=Q Bxf8 60. Kd3 a1=Q 61. Ke3 Qc3+ 62. Ke2 Kc4 63. Kd1 Qb2 64. Ke1 Kd3 65. Kf1 Ke3 66. Kg1 Kf3 67. Kf1 Qc1# 0-1


[Site "https://www.chess.com"]

[Event "Titled Tuesday Blitz May 4 2021"]
[White "AwareIdea"]
[Black "Kazakouski, Valery"]
[BlackFideId "13507443"]
[WhiteElo "2534"]
[BlackElo "2546"]
[Result "0-1"]
[Round "05"]
[TimeControl "180+1"]
[Date "2021.05.04"]
[WhiteClock "0:00:10"]
[BlackClock "0:00:29"]

1. d4 Nf6 2. c4 e6 3. Nc3 Bb4 4. e3 b6 5. Ne2 Ba6 6. a3 Bxc3+ 7. Nxc3 d5 8. cxd5 Bxf1 9. Kxf1 exd5 10. b4 O-O 11. g3 Re8 12. Kg2 Nc6 13. Qc2 Ne7 14. Ne2 Qd7 15. h3 Nf5 16. Bd2 Nd6 17. Rhc1 Nc4 18. Qd3 Ne4 19. Be1 c6 20. f3 Ng5 21. Nf4 Rxe3 22. Qf1 Rxf3 23. Qxf3 Nxf3 24. Kxf3 Re8 25. Bf2 Qf5 26. Kg2 h5 27. h4 f6 28. Re1 Re4 29. Rxe4 Qxe4+ 30. Kg1 Nd2 31. Rc1 Nf3+ 32. Kf1 Nh2+ 33. Kg1 Ng4 34. Rxc6 Qb1+ 35. Kg2 Qb2 36. Nh3 Qxa3 37. Rc8+ Kh7 38. Rc7 Qxb4 39. Nf4 Qd2 40. Nh3 a5 41. Rb7 a4 42. Rxb6 a3 43. Ra6 Qb2 44. Kf3 a2 45. Be3 a1=Q 46. Rxa1 Qxa1 47. Nf4 Qf1+ 0-1


[Site "https://www.chess.com"]

[Event "Titled Tuesday Blitz May 4 2021"]
[White "Baches Garcia, Guillermo"]
[Black "Bach, Matthias"]
[WhiteFideId "2209764"]
[BlackFideId "4603168"]
[WhiteElo "2440"]
[BlackElo "2213"]
[Result "1/2-1/2"]
[Round "05"]
[TimeControl "180+1"]
[Date "2021.05.04"]
[WhiteClock "0:01:33"]
[BlackClock "0:01:49"]

1. d4 Nf6 2. c4 c5 3. d5 e6 4. Nc3 exd5 5. cxd5 d6 6. Nf3 g6 7. h3 Bg7 8. Bf4 O-O 9. e3 Re8 10. Be2 a6 11. a4 Bf5 12. Nd2 Ne4 13. Ncxe4 Bxe4 14. O-O Bxd5 15. Nc4 Bxc4 16. Bxc4 Nc6 17. Qxd6 Qxd6 18. Bxd6 Na5 19. Ba2 c4 20. Rac1 1/2-1/2


[Site "https://www.chess.com"]

[Event "Titled Tuesday Blitz May 4 2021"]
[White "Baglan, Esat"]
[Black "Sapunov, Evgeny"]
[WhiteFideId "6309216"]
[BlackFideId "4126661"]
[WhiteElo "2107"]
[BlackElo "2470"]
[Result "0-1"]
[Round "05"]
[TimeControl "180+1"]
[Date "2021.05.04"]
[WhiteClock "0:02:37"]
[BlackClock "0:02:28"]

1. e4 c5 2. Nc3 d6 3. d4 cxd4 4. Qxd4 a6 5. b3 e6 6. Bb2 Nc6 7. Qd2 Nf6 8. O-O-O b5 9. f3 Be7 10. Kb1 O-O 11. g3 b4 12. Nce2 a5 13. g4 Qc7 14. g5 Nd7 15. h4 a4 16. h5 axb3 17. axb3 Qa5 18. Nc1 Bxg5 19. Qg2 Bf6 0-1


[Site "https://www.chess.com"]

[Event "Titled Tuesday Blitz May 4 2021"]
[White "Bailey, Ben"]
[Black "Lejean-Anusca, Madalina-Maria"]
[WhiteFideId "2021293"]
[BlackFideId "1215396"]
[WhiteElo "2352"]
[BlackElo "2002"]
[Result "1-0"]
[Round "05"]
[TimeControl "180+1"]
[Date "2021.05.04"]
[WhiteClock "0:00:42"]
[BlackClock "0:01:31"]

1. d4 d5 2. c4 c6 3. Nc3 Nf6 4. e3 dxc4 5. Bxc4 e6 6. Nf3 Be7 7. O-O O-O 8. Qe2 Nbd7 9. e4 Nb6 10. Bd3 c5 11. e5 Nfd5 12. Qe4 g6 13. Bh6 Re8 14. Rad1 cxd4 15. Nxd4 Nxc3 16. bxc3 Nd5 17. Qf3 Nxc3 18. Bxg6 hxg6 19. Qxc3 Qb6 20. Qg3 Bd7 21. h4 Bf8 22. Bxf8 Kxf8 23. Qg5 Qd8 24. Qh6+ Kg8 25. Nf3 Qe7 26. Ng5 f5 27. exf6 Qxf6 28. Qh7+ Kf8 29. Rxd7 1-0


[Site "https://www.chess.com"]

[Event "Titled Tuesday Blitz May 4 2021"]
[White "Baker, Chris W"]
[Black "Zia, Tahsin Tajwar"]
[WhiteFideId "401676"]
[BlackFideId "10211888"]
[WhiteElo "2221"]
[BlackElo "1678"]
[Result "0-1"]
[Round "05"]
[TimeControl "180+1"]
[Date "2021.05.04"]
[WhiteClock "0:00:01"]
[BlackClock "0:00:03"]

1. e4 c6 2. d4 d5 3. Nd2 dxe4 4. Nxe4 Nf6 5. Nxf6+ exf6 6. Bd3 Bd6 7. Ne2 O-O 8. O-O Bg4 9. f3 Bh5 10. Bf4 Bg6 11. Bxg6 hxg6 12. Qd2 Na6 13. Rae1 Nc7 14. c4 g5 15. Bxd6 Qxd6 16. Ng3 Qd7 17. Qd3 Rad8 18. Rd1 Ne6 19. d5 Nf4 20. Qf5 cxd5 21. cxd5 Qb5 22. Rf2 Rfe8 23. Ne4 Re5 24. Qg4 Rexd5 25. Rxd5 Qxd5 26. h4 Qd1+ 27. Kh2 Ne2 28. Rxe2 Qxe2 29. hxg5 Qe3 30. gxf6 Qh6+ 31. Kg3 g6 32. Ng5 Rd5 33. Qc8+ Qf8 34. Qg4 Qd6+ 35. Kh3 Rd1 36. f4 Rh1+ 37. Kg3 Qd3+ 38. Nf3 Qd8 39. Qg5 Rh5 40. Qg4 Qxf6 41. Qc8+ Kg7 42. Qxb7 Rf5 43. Qc7 Qxb2 44. Ne5 Qa3+ 0-1


[Site "https://www.chess.com"]

[Event "Titled Tuesday Blitz May 4 2021"]
[White "Balaji, Aaravamudhan"]
[Black "Remizov, Yaroslav"]
[WhiteFideId "436224"]
[BlackFideId "34134015"]
[WhiteElo "2085"]
[BlackElo "2367"]
[Result "1-0"]
[Round "05"]
[TimeControl "180+1"]
[Date "2021.05.04"]
[WhiteClock "0:00:08"]
[BlackClock "0:00:10"]

1. d4 Nf6 2. c4 e6 3. Nc3 Bb4 4. a3 Bxc3+ 5. bxc3 d5 6. cxd5 exd5 7. e3 O-O 8. Bd3 Re8 9. Ne2 c6 10. O-O Nbd7 11. Ng3 Nf8 12. f3 Ng6 13. e4 c5 14. e5 Nd7 15. f4 Ngf8 16. Kh1 cxd4 17. cxd4 Nb6 18. Nh5 Nc4 19. f5 Bd7 20. Qg4 Ng6 21. Qg3 Qb6 22. Bxc4 dxc4 23. fxg6 fxg6 24. Nf4 Qxd4 25. Rb1 Qxe5 26. Bb2 Qe3 27. Rbe1 Qxg3 28. hxg3 Rxe1 29. Rxe1 Re8 30. Rxe8+ Bxe8 31. Ne6 Bc6 32. Kg1 Bd5 33. Nf4 Be4 34. Bd4 a5 35. Bc3 a4 36. Ne6 Bd5 37. Nc7 Bc6 38. Ne6 Bd5 39. Nf4 Bc6 40. Kf2 g5 41. Nh5 Kf7 42. Nxg7 b5 43. Nf5 Bd5 44. Nd4 Kf6 45. Nxb5+ Kf5 46. Nc7 Bc6 47. g4+ Kxg4 48. Ne6 h5 49. Nd4 Be4 50. Ne2 h4 51. Bd2 Kf5 52. Nc3 Bc6 53. Be3 g4 54. Bc5 g3+ 55. Kg1 Kf4 56. Be7 Ke5 57. Bxh4 Kd4 58. Bf6+ Kd3 59. Be5 Kd2 60. Na2 Kc2 61. Nb4+ Kb3 62. Nxc6 Kxa3 63. Bxg3 c3 64. Nd4 Kb4 65. Be5 Kc4 66. Nc2 Kb3 67. Na3 c2 68. Nxc2 Kxc2 69. g4 Kd3 70. g5 Ke4 71. Bf6 Kf5 72. Kf2 a3 73. Kg3 Kg6 74. Kg4 a2 75. Ba1 Kf7 76. Kf5 Kg8 77. g6 Kf8 78. Kf6 Kg8 79. g7 Kh7 80. Kf7 Kh6 81. g8=Q Kh5 82. Kf6 Kh4 83. Kf5 Kh3 84. Kf4 Kh2 85. Kf3 Kh1 86. Qg2# 1-0


[Site "https://www.chess.com"]

[Event "Titled Tuesday Blitz May 4 2021"]
[White "Bashirli, Saadat"]
[Black "Ambrogi, Agustin"]
[WhiteFideId "13429990"]
[BlackFideId "170933"]
[WhiteElo "1153"]
[BlackElo "2214"]
[Result "0-1"]
[Round "05"]
[TimeControl "180+1"]
[Date "2021.05.04"]
[WhiteClock "0:00:01"]
[BlackClock "0:01:37"]

1. d4 e6 2. e4 d5 3. Nc3 Bb4 4. Be2 dxe4 5. Be3 Nf6 6. Nh3 c6 7. O-O Qa5 8. Bd2 O-O 9. a3 Bxc3 10. Bxc3 Qd5 11. Nf4 Qf5 12. Qd2 Nd5 13. Nxd5 exd5 14. h3 Qg6 15. Kh2 f5 16. Qf4 Nd7 17. Rad1 Nf6 18. g3 h6 19. h4 Ng4+ 20. Bxg4 fxg4 21. Qe3 Rf3 22. Qe2 Bf5 23. Bd2 Rf8 24. Bf4 Rxf4 25. gxf4 Qf6 26. Kg3 Bd7 27. Qe3 b5 28. c3 a5 29. b4 a4 30. Rh1 Bf5 31. h5 Bd7 32. Rhg1 Qe7 33. Rh1 Rf5 34. Rh2 Qf7 35. Rdh1 Qf6 36. Rh4 Be8 37. Rxg4 Bxh5 38. Rgh4 Bf3 39. Rg1 g5 40. Rh3 gxf4+ 41. Kh2+ Rg5 42. Qe1 Bg4 43. Rh4 h5 44. Qf1 f3 45. Rg3 Rg6 46. Rhh3 h4 47. Rxg4 Rxg4 48. Qe1 Qf4+ 49. Kh1 Rg2 50. Qf1 Qg4 51. Rh2 h3 52. Rxg2 hxg2+ 0-1


[Site "https://www.chess.com"]

[Event "Titled Tuesday Blitz May 4 2021"]
[White "Begunov, Konstantin"]
[Black "Peralta, Eduardo"]
[WhiteFideId "4118510"]
[BlackFideId "3700062"]
[WhiteElo "2262"]
[BlackElo "2205"]
[Result "1-0"]
[Round "05"]
[TimeControl "180+1"]
[Date "2021.05.04"]
[WhiteClock "0:00:29"]
[BlackClock "0:00:01"]

1. d4 Nf6 2. c4 g6 3. f3 c5 4. dxc5 Bg7 5. e4 O-O 6. Nc3 Na6 7. Be3 Qa5 8. a3 Ne8 9. Ne2 Qd8 10. b4 b6 11. cxb6 axb6 12. Nd4 Bb7 13. Be2 Rc8 14. O-O Nd6 15. Qb3 Kh8 16. Rac1 f5 17. exf5 Nxf5 18. Nxf5 Rxf5 19. Bd3 Rf8 20. Nd5 e6 21. Nxb6 Rb8 22. c5 Nc7 23. Rcd1 Qe7 24. Rfe1 Qf7 25. Bc4 Rbd8 26. Bg5 Bf6 27. Bxf6+ Qxf6 28. Nxd7 Qh4 29. Nxf8 Rxf8 30. Bxe6 Nxe6 31. Qxe6 Bc8 32. Qe5+ Kg8 33. Qd5+ Kh8 34. Qd4+ Qxd4+ 35. Rxd4 1-0


[Site "https://www.chess.com"]

[Event "Titled Tuesday Blitz May 4 2021"]
[White "Belous, Vladimir"]
[Black "Sanal, Vahap"]
[WhiteFideId "4174003"]
[BlackFideId "6300545"]
[WhiteElo "2583"]
[BlackElo "2507"]
[Result "1-0"]
[Round "05"]
[TimeControl "180+1"]
[Date "2021.05.04"]
[WhiteClock "0:00:22"]
[BlackClock "0:00:07"]

1. Nf3 Nf6 2. c4 g6 3. Nc3 Bg7 4. e4 O-O 5. d4 d6 6. h3 Nbd7 7. Bg5 e5 8. d5 a5 9. Be2 Nc5 10. Nd2 c6 11. O-O h6 12. Bh4 Qb6 13. b3 Nh7 14. Be7 Re8 15. Bxd6 cxd5 16. Bxc5 Qxc5 17. Na4 Qd4 18. cxd5 Ng5 19. Rc1 Nxe4 20. Nxe4 Qxe4 21. Nb6 Bxh3 22. gxh3 Rad8 23. Qd3 Qh4 24. Qg3 Qb4 25. Qe3 Bf6 26. Rc4 Qd6 27. Qc5 Qb8 28. Qb5 Qd6 29. Qc5 Qb8 30. Bg4 h5 31. Nd7 Rxd7 32. Bxd7 Rd8 33. Qc8 Qa7 34. Qc7 Qa6 35. a4 Bh4 36. Bb5 Qf6 37. d6 Bg5 38. d7 Kg7 39. Qxb7 Bf4 40. Qg2 h4 41. Rc8 Qe7 42. Rxd8 Qxd8 43. Rd1 e4 44. Qxe4 1-0


[Site "https://www.chess.com"]

[Event "Titled Tuesday Blitz May 4 2021"]
[White "Berezin, Viktor"]
[Black "Injac, Teodora"]
[WhiteFideId "14107872"]
[BlackFideId "932400"]
[WhiteElo "2310"]
[BlackElo "2308"]
[Result "0-1"]
[Round "05"]
[TimeControl "180+1"]
[Date "2021.05.04"]
[WhiteClock "0:00:20"]
[BlackClock "0:00:17"]

1. d4 Nf6 2. c4 g6 3. Nf3 Bg7 4. Nc3 d6 5. e4 O-O 6. h3 e5 7. d5 a5 8. g4 Na6 9. Be2 Nc5 10. Qc2 c6 11. Be3 cxd5 12. cxd5 Nfd7 13. O-O-O a4 14. Kb1 Nb8 15. Rdg1 Nba6 16. a3 Bd7 17. h4 Rc8 18. h5 Nb3 19. hxg6 fxg6 20. Qd1 Qa5 21. Ng5 Rxc3 22. bxc3 Qxc3 23. Ka2 Rc8 24. Bxa6 bxa6 25. Rxh7 Bb5 26. Rxg7+ Kxg7 27. Ne6+ Kg8 28. Rg3 Bc4 29. Bc5 Nc1+ 30. Kb1 Ba2# 0-1


[Site "https://www.chess.com"]

[Event "Titled Tuesday Blitz May 4 2021"]
[White "Bluebaum, Matthias"]
[Black "Alvarez Fernandez, Enrique"]
[WhiteFideId "24651516"]
[BlackFideId "2227398"]
[WhiteElo "2685"]
[BlackElo "2316"]
[Result "1-0"]
[Round "05"]
[TimeControl "180+1"]
[Date "2021.05.04"]
[WhiteClock "0:02:18"]
[BlackClock "0:02:06"]

1. d4 d5 2. Nc3 c5 3. Bf4 Nc6 4. e3 Qb6 5. Nxd5 Qa5+ 6. c3 Kd8 7. Bc7+ Qxc7 8. Nxc7 Kxc7 9. dxc5 e5 10. b4 Be6 11. Nf3 Rd8 12. Qc2 f5 13. Ng5 Bc8 14. Nf7 Nf6 15. Nxh8 Be6 16. Be2 g6 17. Rd1 Re8 18. Qa4 a6 19. O-O Bg7 20. Rd6 Bxh8 21. Bxa6 Ne4 22. Bxb7 Nxd6 23. cxd6+ Kxb7 24. Qb5+ Ka7 25. Qxc6 Rc8 26. Qa4+ Kb6 27. d7 Rd8 28. Qa5+ Kc6 29. Qxd8 Bxd7 30. Qxh8 Kd5 31. Rd1+ Kc4 32. Rxd7 h5 33. Qxe5 f4 34. Qc5# 1-0


[Site "https://www.chess.com"]

[Event "Titled Tuesday Blitz May 4 2021"]
[White "Bolanos, Fernando"]
[Black "Tokhirjonova, Gulrukhbegim"]
[WhiteFideId "3304094"]
[BlackFideId "14203626"]
[WhiteElo "1998"]
[BlackElo "2236"]
[Result "0-1"]
[Round "05"]
[TimeControl "180+1"]
[Date "2021.05.04"]
[WhiteClock "0:00:14"]
[BlackClock "0:01:10"]

1. e4 e5 2. Nf3 Nc6 3. Bb5 a6 4. Ba4 Nf6 5. O-O Be7 6. d3 b5 7. Bb3 d6 8. c3 O-O 9. h3 h6 10. Nbd2 Na5 11. Bc2 c5 12. Re1 Nc6 13. Nf1 Qc7 14. a4 Be6 15. Ne3 Rfd8 16. d4 cxd4 17. cxd4 exd4 18. Nxd4 Nxd4 19. Qxd4 Nd7 20. Bd2 Bf6 21. Qb4 a5 22. Qxb5 Rdb8 23. Qf1 Bxb2 24. Rab1 Ba2 25. Rbd1 Nc5 26. Nd5 Qd7 27. Bc3 Bxd5 28. Bxb2 Rxb2 29. Bb1 Bb3 30. Rd4 Ne6 31. Rd3 Bc4 32. Red1 Bxd3 33. Qxd3 Rab8 34. e5 d5 35. Qh7+ Kf8 36. Bf5 Qxa4 37. Rd3 Rb1+ 38. Kh2 Qf4+ 39. Rg3 Ng5 40. e6 Nxh7 0-1


[Site "https://www.chess.com"]

[Event "Titled Tuesday Blitz May 4 2021"]
[White "Bommini, Mounika Akshaya"]
[Black "Rorrer, Grayson"]
[WhiteFideId "25019872"]
[BlackFideId "30944996"]
[WhiteElo "1610"]
[BlackElo "2409"]
[Result "1-0"]
[Round "05"]
[TimeControl "180+1"]
[Date "2021.05.04"]
[WhiteClock "0:00:23"]
[BlackClock "0:00:01"]

1. e4 c5 2. Nc3 a6 3. g3 b5 4. Bg2 Bb7 5. d3 e6 6. f4 Nf6 7. Nf3 b4 8. Ne2 d5 9. e5 Ng8 10. d4 Ne7 11. dxc5 h5 12. Ned4 Nec6 13. f5 exf5 14. Nxf5 Bxc5 15. Bg5 Ne7 16. Nxg7+ Kf8 17. Bf6 Nd7 18. Ng5 Qb6 19. Qf3 Nxf6 20. exf6 Ng6 21. Qf5 Bd4 22. N7e6+ Kg8 23. Nxf7 Kxf7 24. Ng5+ Kf8 25. Qxg6 Re8+ 26. Kd1 Qc7 27. Bh3 Be5 28. Re1 d4 29. Ne6+ Rxe6 30. Bxe6 Bf3+ 31. Kd2 d3 32. Qxd3 Bb7 33. Rxe5 Qxe5 1-0


[Site "https://www.chess.com"]

[Event "Titled Tuesday Blitz May 4 2021"]
[White "Bon, Michael"]
[Black "Mikhalevski, Victor"]
[WhiteFideId "620696"]
[BlackFideId "2801914"]
[WhiteElo "2430"]
[BlackElo "2567"]
[Result "0-1"]
[Round "05"]
[TimeControl "180+1"]
[Date "2021.05.04"]
[WhiteClock "0:00:06"]
[BlackClock "0:01:00"]

1. e4 c5 2. Nf3 d6 3. d4 cxd4 4. Nxd4 Nf6 5. Nc3 g6 6. Be3 Bg7 7. f3 Nc6 8. Qd2 O-O 9. O-O-O d5 10. exd5 Nxd5 11. Nxc6 bxc6 12. Bd4 Bxd4 13. Qxd4 Qb6 14. Na4 Qc7 15. Bc4 Rb8 16. h4 h5 17. Rhe1 Rb4 18. b3 Rd8 19. Qc5 Qf4+ 20. Kb1 Be6 21. Re4 Qf6 22. Bxd5 Rxe4 23. fxe4 cxd5 24. exd5 Bg4 25. Rd4 Qxh4 26. Qc7 Rc8 27. Qxa7 Qe1+ 28. Kb2 Qf2 29. Rc4 Qxa7 30. Rxc8+ Bxc8 0-1


[Site "https://www.chess.com"]

[Event "Titled Tuesday Blitz May 4 2021"]
[White "Borawski, Jakub"]
[Black "Roque Sola, Gisela"]
[WhiteFideId "1143000"]
[BlackFideId "5120241"]
[WhiteElo "2020"]
[BlackElo "1863"]
[Result "1-0"]
[Round "05"]
[TimeControl "180+1"]
[Date "2021.05.04"]
[WhiteClock "0:01:05"]
[BlackClock "0:00:28"]

1. e4 e6 2. d4 d5 3. Nc3 Nf6 4. e5 Nfd7 5. Nf3 c5 6. dxc5 Bxc5 7. Bd3 Nc6 8. Bf4 Qb6 9. O-O Qxb2 10. Nb5 Bb6 11. Bd2 a6 12. Bc3 Qxa1 13. Nd6+ Ke7 14. Qxa1 f6 15. Nxc8+ Raxc8 16. exf6+ gxf6 17. Re1 h5 18. Bf5 Nd8 19. Nd4 e5 20. Bxd7 Kxd7 21. Nf5 Nf7 22. Rd1 Ke6 23. Ng7+ Ke7 24. Bb4+ Bc5 25. Qb2 Kf8 26. Ne6+ 1-0


[Site "https://www.chess.com"]

[Event "Titled Tuesday Blitz May 4 2021"]
[White "Brahami, Lamine"]
[Black "Kilpatrick, Callum"]
[WhiteFideId "7905637"]
[BlackFideId "414425"]
[WhiteElo "1909"]
[BlackElo "2472"]
[Result "1-0"]
[Round "05"]
[TimeControl "180+1"]
[Date "2021.05.04"]
[WhiteClock "0:00:32"]
[BlackClock "0:00:06"]

1. d4 Nf6 2. c4 g6 3. Nc3 d5 4. Nf3 Bg7 5. Bg5 Ne4 6. Bh4 Nxc3 7. bxc3 dxc4 8. e3 Be6 9. Rb1 Nd7 10. Be2 O-O 11. O-O Nb6 12. h3 Bf5 13. Rb5 Qd7 14. Rc5 Na4 15. Ne5 Bxe5 16. Rxe5 Nxc3 17. Qe1 Nxe2+ 18. Qxe2 Bd3 19. Qf3 f6 20. Rc5 b6 21. Rc6 Bxf1 22. Kxf1 b5 23. Bg3 Qf5 24. Qxf5 gxf5 25. Ke1 Rfc8 26. Rc5 a6 27. Rxf5 Rab8 28. Rc5 Kf7 29. Kd2 Rb7 30. Kc3 a5 31. e4 e6 32. h4 Ke7 33. Rh5 Rh8 34. Bf4 Kd7 35. Bh6 Rg8 36. g3 c5 37. Be3 cxd4+ 38. Bxd4 e5 39. Be3 Ke6 40. Rh6 Rc8 41. Bg5 b4+ 42. Kd2 Rf7 43. f4 exf4 44. gxf4 Rd8+ 45. Kc2 a4 46. e5 b3+ 47. axb3 cxb3+ 48. Kc1 Rc7+ 49. Kb2 Rd2+ 50. Kb1 Rg2 51. Rxf6+ Kd5 52. Rd6+ Ke4 53. e6 a3 54. Rd1 a2+ 55. Ka1 Ra7 56. Bf6 Kf5 57. Bd4 Kxe6 58. Bxa7 Kf5 59. Bb8 h5 60. Be5 Ke4 61. Rc1 Kd3 62. Rc3+ Kd2 63. Rxb3 Kc2 64. Rb2+ Kc1 65. Rxg2 1-0


[Site "https://www.chess.com"]

[Event "Titled Tuesday Blitz May 4 2021"]
[White "Brunner, Nicolas"]
[Black "Terletsky, Oleg"]
[WhiteFideId "620246"]
[BlackFideId "14116774"]
[WhiteElo "2372"]
[BlackElo "2094"]
[Result "1-0"]
[Round "05"]
[TimeControl "180+1"]
[Date "2021.05.04"]
[WhiteClock "0:00:19"]
[BlackClock "0:00:31"]

1. d4 Nf6 2. c4 g6 3. Nc3 Bg7 4. e4 d6 5. Nf3 O-O 6. Be2 e5 7. d5 a5 8. Bg5 h6 9. Bh4 Na6 10. Nd2 Qe8 11. O-O Nh7 12. a3 Bd7 13. Kh1 h5 14. f3 Bh6 15. Nb5 Be3 16. Rb1 a4 17. Be1 Bxb5 18. cxb5 Nc5 19. Nc4 Bd4 20. Bd2 b6 21. Bh6 Qe7 22. Bxf8 Rxf8 23. Qc2 h4 24. g3 Kg7 25. Kg2 Nf6 26. Rbe1 Rh8 27. Bd1 Nh5 28. f4 hxg3 29. Bxh5 Rxh5 30. hxg3 exf4 31. Rxf4 Qg5 32. Qd2 Qh6 33. Qxd4+ Kg8 34. Qf6 Rh2+ 35. Kf3 Qh5+ 36. Ke3 g5 37. Rf5 1-0


[Site "https://www.chess.com"]

[Event "Titled Tuesday Blitz May 4 2021"]
[White "Budrewicz, Krzysztof"]
[Black "Acor, Corey"]
[WhiteFideId "1127950"]
[BlackFideId "2024861"]
[WhiteElo "2276"]
[BlackElo "2752"]
[Result "0-1"]
[Round "05"]
[TimeControl "180+1"]
[Date "2021.05.04"]
[WhiteClock "0:00:03"]
[BlackClock "0:00:19"]

1. d4 Nf6 2. c4 e5 3. dxe5 Ng4 4. Nf3 Nc6 5. Bf4 Bb4+ 6. Nbd2 Qe7 7. e3 Ngxe5 8. Nxe5 Nxe5 9. a3 Bxd2+ 10. Qxd2 d6 11. Be2 b6 12. O-O Bb7 13. b3 O-O 14. Bg3 Rfe8 15. a4 a5 16. Rad1 h6 17. h3 Rad8 18. Rfe1 f5 19. Qc3 Nd7 20. Bd3 Qg5 21. Qd4 Be4 22. Bxe4 fxe4 23. Qd5+ Qxd5 24. Rxd5 Nc5 25. Rb1 Rd7 26. Kf1 Kf7 27. Ke2 Re6 28. Kd2 Rf6 29. Kc3 Ke6 30. Rd4 c6 31. Rbd1 d5 32. cxd5+ cxd5 33. Kb2 Nd3+ 34. R4xd3 exd3 35. Rxd3 g5 36. Rd4 Rf8 37. Kc2 Rc8+ 38. Kd2 Rc5 39. h4 b5 40. hxg5 hxg5 41. Ke2 b4 42. Rd3 Rd8 43. f3 Rdc8 44. Be1 Rc2+ 45. Bd2 Rb2 46. g4 Rcc2 47. Kd1 Rc7 48. Ke2 Rh7 49. e4 Rh2+ 50. Ke3 dxe4 51. fxe4 Rh3+ 52. Kd4 Rxd3+ 53. Kxd3 Rxb3+ 54. Kc4 Rg3 55. Bxg5 Rxg4 56. Bd8 Rxe4+ 57. Kb3 Re5 58. Kc4 Kd7 59. Bb6 Kc6 60. Bd8 Re4+ 61. Kb3 Kc5 62. Bxa5 Re3+ 63. Kb2 Kc4 64. Bd8 Re2+ 65. Kc1 Rf2 66. a5 Kc3 67. Kd1 b3 68. Bb6 Rd2+ 69. Ke1 b2 0-1


[Site "https://www.chess.com"]

[Event "Titled Tuesday Blitz May 4 2021"]
[White "Bugayev, Vladimir"]
[Black "Tikhonov, Viacheslav"]
[WhiteFideId "30901480"]
[BlackFideId "44196407"]
[WhiteElo "2339"]
[BlackElo "1773"]
[Result "0-1"]
[Round "05"]
[TimeControl "180+1"]
[Date "2021.05.04"]
[WhiteClock "0:00:01"]
[BlackClock "0:01:20"]

1. e4 e6 2. d4 d5 3. Bd3 c5 4. exd5 exd5 5. c3 Nf6 6. Nf3 Nc6 7. h3 cxd4 8. cxd4 Bb4+ 9. Nc3 O-O 10. O-O h6 11. Bf4 Bd6 12. Ne5 Nxd4 13. Re1 Ne6 14. Bg3 a6 15. Bc2 d4 16. Ne2 Qc7 17. Rc1 Qb8 18. Nxd4 Nxd4 19. Qxd4 Re8 20. Nxf7 Bxg3 21. Rxe8+ Nxe8 22. fxg3 Kxf7 23. Bb3+ Kg6 24. Re1 Nf6 25. g4 Qa7 26. Qxa7 Rxa7 27. Re7 Bd7 28. Bf7+ Kh7 0-1


[Site "https://www.chess.com"]

[Event "Titled Tuesday Blitz May 4 2021"]
[White "Buksa, Nataliya"]
[Black "Bologan, Victor"]
[WhiteFideId "14123622"]
[BlackFideId "13900048"]
[WhiteElo "2214"]
[BlackElo "2511"]
[Result "1/2-1/2"]
[Round "05"]
[TimeControl "180+1"]
[Date "2021.05.04"]
[WhiteClock "0:00:07"]
[BlackClock "0:00:19"]

1. d4 d6 2. Nc3 Nd7 3. e4 e5 4. Nf3 Ngf6 5. Bc4 Be7 6. O-O O-O 7. Re1 c6 8. a4 b6 9. b3 a6 10. Bb2 Bb7 11. Qd2 b5 12. axb5 axb5 13. Bd3 Rxa1 14. Bxa1 Re8 15. Ne2 Bf8 16. Ng3 g6 17. Bc3 Qc7 18. h4 h5 19. Qc1 Ng4 20. Qb2 Qb6 21. b4 Bg7 22. Re2 Ra8 23. Nf1 Ra4 24. g3 Qa7 25. dxe5 Ndxe5 26. Nxe5 Nxe5 27. Bxe5 Bxe5 28. Qc1 Rxb4 29. Kg2 Ra4 30. Qg5 Qb8 31. Ne3 Ra1 32. Nf5 Qf8 33. f4 Bg7 34. Nxg7 Qxg7 35. Qd8+ Qf8 36. Qc7 Qc8 37. Qxd6 c5 38. Bxb5 c4 39. Qd7 Qa8 40. Qe8+ Kg7 41. Qxa8 Bxa8 42. Bxc4 f5 43. Bd3 Ra4 44. c4 Ra3 45. Bc2 Rc3 46. Kf2 Kf6 47. e5+ Ke6 48. Rd2 Rf3+ 49. Ke2 Rxg3 50. Rd6+ Ke7 51. Ba4 Be4 52. c5 Ra3 53. Bc6 Ra2+ 54. Kd1 Bxc6 55. Rxc6 Ra4 56. Rxg6 Rxf4 57. Rf6 Rxh4 58. Rxf5 Ke6 59. Rg5 Rc4 60. Ke2 Rxc5 61. Rxh5 Rxe5+ 62. Rxe5+ Kxe5 1/2-1/2


[Site "https://www.chess.com"]

[Event "Titled Tuesday Blitz May 4 2021"]
[White "Bures, Vit"]
[Black "Kabanov, Nikolai"]
[WhiteFideId "309052"]
[BlackFideId "4127820"]
[WhiteElo "2131"]
[BlackElo "2376"]
[Result "1-0"]
[Round "05"]
[TimeControl "180+1"]
[Date "2021.05.04"]
[WhiteClock "0:01:24"]
[BlackClock "0:01:34"]

1. d4 c5 2. d5 g6 3. e4 Bg7 4. Nc3 d6 5. f4 f5 6. Bb5+ Bd7 7. Qe2 fxe4 8. Bxd7+ Nxd7 9. Nxe4 Qb6 10. Nf3 Ngf6 11. O-O O-O-O 12. c4 Rde8 13. Neg5 Bh6 14. Ne6 Bg7 1-0


[Site "https://www.chess.com"]

[Event "Titled Tuesday Blitz May 4 2021"]
[White "Camlar, Arda"]
[Black "Sikorova, Olga"]
[WhiteFideId "44576692"]
[BlackFideId "307033"]
[WhiteElo "2007"]
[BlackElo "2188"]
[Result "1-0"]
[Round "05"]
[TimeControl "180+1"]
[Date "2021.05.04"]
[WhiteClock "0:01:16"]
[BlackClock "0:00:16"]

1. c4 Nf6 2. Nc3 g6 3. Nf3 Bg7 4. g3 O-O 5. Bg2 d6 6. O-O Nc6 7. d4 a6 8. Bg5 h6 9. Bf4 Bf5 10. Re1 Ne4 11. Nh4 Nxc3 12. bxc3 Bd7 13. Nf3 g5 14. Bc1 Rb8 15. e4 e5 16. Be3 b5 17. cxb5 Rxb5 18. d5 Ne7 19. c4 Rb2 20. Qc1 Qb8 21. h4 g4 22. Nd2 f5 23. Nb3 Rxb3 24. axb3 Qxb3 25. Bxh6 f4 26. Bxg7 Kxg7 27. Qa3 Qb6 28. c5 dxc5 29. Rac1 fxg3 30. fxg3 c4+ 31. Qe3 Qxe3+ 32. Rxe3 Bb5 33. Bf1 Rd8 34. Bxc4 c6 35. Bxb5 axb5 36. dxc6 Rc8 37. c7 Kf6 38. Rb3 Ke6 39. Rxb5 Kd7 40. Rb8 1-0


[Site "https://www.chess.com"]

[Event "Titled Tuesday Blitz May 4 2021"]
[White "Campelo, Leandro Fabricio"]
[Black "Stepak, Yedael"]
[WhiteFideId "2103346"]
[BlackFideId "2800454"]
[WhiteElo "2105"]
[BlackElo "2146"]
[Result "0-1"]
[Round "05"]
[TimeControl "180+1"]
[Date "2021.05.04"]
[WhiteClock "0:00:04"]
[BlackClock "0:00:46"]

1. e4 c5 2. Nf3 e6 3. d4 cxd4 4. Nxd4 a6 5. Nc3 Qc7 6. Bd3 Bd6 7. h3 h6 8. O-O g5 9. Be3 Nf6 10. Qe2 b5 11. a3 Bb7 12. Rad1 Be5 13. Rfe1 Nc6 14. Nxc6 Bxc6 15. Qd2 Rc8 16. b4 Bb7 17. Ne2 Bxe4 18. Nd4 Qc3 19. Nb3 Qxd2 20. Bxd2 d5 21. Nc5 Bxd3 22. cxd3 Bd6 23. Bc3 Ke7 24. Bb2 Rhd8 25. Bd4 a5 26. g3 axb4 27. axb4 Ra8 28. Re2 Nd7 29. Nb7 Rdc8 30. Nxd6 Kxd6 31. f4 gxf4 32. gxf4 Rg8+ 33. Kf2 Ra3 34. Rc2 Rga8 35. Ke2 Ra2 36. Rdd2 Rxc2 37. Rxc2 Ra4 38. Rb2 f6 39. Ke3 e5 40. fxe5+ fxe5 41. Bc5+ Nxc5 42. bxc5+ Kxc5 0-1


[Site "https://www.chess.com"]